 Dungeon Crawl Stone Soup version 0.23-a0-171-g5ae17c6 (webtiles) character file.

1663 grindst0ne the Destroyer (level 8, -2/61 HPs)
             Began as a Deep Elf Fire Elementalist on Sept 13, 2018.
             Was an Initiate of Vehumet.
             Slain by a killer bee (7 damage)
             ... on level 7 of the Dungeon.
             The game lasted 00:18:12 (7885 turns).

grindst0ne the Destroyer (DEFE)                     Turns: 7885, Time: 00:18:13

Health: -2/61      AC:  3    Str: 10    XL:     8   Next: 69%
Magic:  4/21       EV: 13    Int: 23    God:    Vehumet [......]
Gold:   236        SH:  0    Dex: 15    Spells: 13/22 levels left

rFire    + + .     SeeInvis .   n - +2 dagger (speed)
rCold    . . .     Gourm    +   (no shield)
rNeg     . . .     Faith    .   h - +0 robe {rF+}
rPois    .         Spirit   .   (no helmet)
rElec    .         Reflect  .   (no cloak)
rCorr    .         Harm     .   (no gloves)
MR       .....                  d - +0 pair of boots
Stlth    ..........             m - amulet of the gourmand
HPRegen  0.20/turn              f - ring of fire
MPRegen  0.17/turn              k - ring of protection from cold

@: berserking, lethally poisoned (-2 -> -9), very quick
A: no striking features
a: Renounce Religion


You were on level 7 of the Dungeon.
You worshipped Vehumet.
Vehumet was noncommittal.
You were very full.

You visited 2 branches of the dungeon, and saw 9 of its levels.

You collected 236 gold pieces.

Inventory:

Hand Weapons
 n - a +2 dagger of speed (weapon)
Armour
 d - a +0 pair of boots (worn)
 e - the +1 ring mail "Yfezxom" {rC++}
   (You took it off a gnoll shaman on level 4 of the Dungeon)

   It greatly protects you from cold.
 h - a +0 robe of fire resistance (worn)
Jewellery
 f - a ring of fire (left hand)
 k - a ring of protection from cold (right hand)
 m - an amulet of the gourmand (around neck)
Wands
 i - a wand of paralysis (17)
 o - a wand of enslavement (14)
 u - a wand of polymorph (6)
Scrolls
 a - a scroll of remove curse
 b - 4 scrolls of identify
 g - a scroll of blinking
 l - a scroll of enchant armour {unknown}
 r - a scroll of fog {unknown}
Potions
 j - a potion of berserk rage
 p - a potion of magic
 q - a potion of haste
 s - a potion of cancellation {unknown}
 t - a potion of agility {unknown}
Comestibles
 c - 9 rations
 v - a chunk of flesh


   Skills:
 - Level 2.4 Dodging
 - Level 2.4 Stealth
 + Level 7.8 Spellcasting
 * Level 8.6 Conjurations
 + Level 6.9 Fire Magic


You had 13 spell levels left.
You knew the following spells:

 Your Spells              Type           Power        Failure   Level  Hunger
a - Flame Tongue          Conj/Fire      #####        1%          1    None
b - Throw Flame           Conj/Fire      ######       1%          2    None
c - Fireball              Conj/Fire      ######....   8%          5    #####..
d - Animate Skeleton      Necr           N/A          7%          1    None

Your spell library contained the following spells:

 Spells                   Type           Power        Failure   Level  Hunger
 Conjure Flame            Conj/Fire      ######..     1%          3    None
 Sticky Flame             Conj/Fire      ######..     2%          4    ###....
 Inner Flame              Hex/Fire       #####...     4%          3    None
 Apportation              Tloc           #.....       7%          1    None
 Confusing Touch          Hex            #.....       7%          1    None
 Summon Small Mammal      Summ           #...         7%          1    None


Dungeon Overview and Level Annotations

Branches:
Dungeon (8/15)             Temple (1/1) D:5
   Lair: D:8-11

Altars:
Ashenzari
Cheibriados
Dithmenos
Elyvilon
Fedhas
Gozag
Hepliaklqana
Kikubaaqudgha
Nemelex Xobeh
Okawaru
Qazlal
Ru
Sif Muna
Trog
Uskayaw
Vehumet
Wu Jian
Xom
Yredelemnul
Zin
The Shining One

Shops:
D:7 (

Annotations:
D:4 exclusion: 2 downstairs
D:7 exclusion: downstairs


Message History

Aiming: Flame Tongue (safe; 1% risk of failure)
Press: ? - help, Shift-Dir - straight line, f/p - killer bee
Aim: a killer bee (severely wounded)
You feel a surge of power!
The flame tongue hits the killer bee.
The killer bee is almost dead.
You feel sick. The killer bee stings you!
* * * LOW HITPOINT WARNING * * *
The killer bee stings you.
* * * LOW HITPOINT WARNING * * *
You are lethally poisoned!
The killer bee poisons you!
A red film seems to cover your vision as you go berserk!
You feel yourself moving faster!
You feel mighty!
* * * LOW HITPOINT WARNING * * *
You feel sick. The killer bee misses you. The killer bee barely misses you.
You closely miss the killer bee.
The killer bee is almost dead.
* * * LOW HITPOINT WARNING * * *
You feel sick. The killer bee stings you!
You die...

#.######.....####.###.#
#####...........## #>#
#.. #............#..#
#.###.#
#.####..._...##.#
#.....# #.#
#......###.### ##..###
#####.#
#......###...####..###
#.....#
#.......##.#..........
#.#####
#.....y.##...####.###.
#.# #....@..###..# #.#
#. #.# ###.....# #..#
#.# #. #.# #..<..#
#..####.# #. #.#
#.#.#.# #.......# #.
#.# #.#.#.# ##.####.#
#. #.# #.#.#.# ##.##
#.# #. #.#
#.#.#.###...###.###.
#.#
#.#.#........<......
#.########
#.#.#..##...###.####


You could see a killer bee.

Vanquished Creatures
  Menkaure (D:7)
  A centaur (D:5)
  2 ogres (D:5)
  2 bullfrogs
  A wyvern skeleton (D:7)
  A scorpion (D:4)
  8 killer bees
  2 howler monkeys
  A hound (D:5)
  3 orc priests
  A bullfrog skeleton (D:5)
  A gnoll shaman (D:4)
  4 orc wizards
  2 worker ants
  5 gnolls
  9 adders
  An ooze (D:7)
  An adder zombie (D:6)
  An adder skeleton (D:4)
  A worm (D:2)
  2 dart slugs
  2 leopard geckos
  14 orcs
  A ball python (D:3)
  6 giant cockroaches
  4 goblins
  6 hobgoblins
  14 jackals
  8 bats
  5 frilled lizards
  8 kobolds
  11 rats
129 creatures vanquished.

Vanquished Creatures (others)
  2 killer bees (D:7)
2 creatures vanquished.

Grand Total: 131 creatures vanquished

Notes
Turn   | Place    | Note
-------+----------+-------------------------------------------
     0 | D:1      | grindst0ne the Deep Elf Fire Elementalist began the quest
                  | for the Orb.
     0 | D:1      | Reached XP level 1. HP: 10/10 MP: 6/6
   275 | D:1      | Reached XP level 2. HP: 15/15 MP: 5/8
   296 | D:1      | Learned a level 2 spell: Throw Flame
   771 | D:2      | Reached skill level 2 in Conjurations
   817 | D:2      | Reached XP level 3. HP: 19/19 MP: 0/10
  1194 | D:2      | Reached skill level 3 in Conjurations
  1506 | D:2      | Noticed a moth of wrath
  1508 | D:2      | Found a bloodstained altar of Trog.
  1677 | D:3      | Reached XP level 4. HP: 24/24 MP: 4/11
  2421 | D:4      | Reached XP level 5. HP: 28/28 MP: 6/13
  2634 | D:4      | Found an ornate altar of the Wu Jian Council.
  2636 | D:4      | Found a snail-covered altar of Cheibriados.
  2636 | D:4      | Found a radiant altar of Vehumet.
  2636 | D:4      | Found a sparkling altar of Nemelex Xobeh.
  2636 | D:4      | Found a shadowy altar of Dithmenos.
  2636 | D:4      | Found a glowing silver altar of Zin.
  2637 | D:4      | Found an ancient bone altar of Kikubaaqudgha.
  2640 | D:4      | Reached skill level 4 in Conjurations
  2938 | D:4      | Found a white marble altar of Elyvilon.
  3096 | D:4      | Reached skill level 5 in Spellcasting
  3096 | D:4      | Reached XP level 6. HP: 32/32 MP: 4/15
  3241 | D:4      | Reached skill level 5 in Conjurations
  3465 | D:4      | Learned a level 5 spell: Fireball
  3729 | D:5      | Entered Level 5 of the Dungeon
  3733 | D:5      | Reached skill level 5 in Fire Magic
  3946 | D:5      | Found a staircase to the Ecumenical Temple.
  3971 | D:5      | Reached XP level 7. HP: 27/36 MP: 0/17
  4291 | D:4      | Got a fine ring mail
  4302 | D:4      | Identified the cursed +1 ring mail "Yfezxom" {rC++} (You
                  | took it off a gnoll shaman on level 4 of the Dungeon)
  4611 | D:5      | Reached skill level 6 in Conjurations
  5462 | Temple   | Entered the Ecumenical Temple
  5631 | D:4      | Became a worshipper of Vehumet
  5634 | D:4      | Learned a level 1 spell: Animate Skeleton
  6621 | D:6      | Reached skill level 7 in Conjurations
  7086 | D:7      | Found an ornate altar of the Wu Jian Council.
  7094 | D:7      | Reached XP level 8. HP: 41/41 MP: 13/20
  7530 | D:7      | Found Igisoth's Antique Weapon Shop.
  7530 | D:7      | Noticed Menkaure
  7534 | D:7      | Killed Menkaure
  7534 | D:7      | Reached skill level 8 in Conjurations
  7885 | D:7      | Slain by a killer bee

Vault maps used:
D:1:      dpeg_arrival_three_same_balls
D:2:      tgw_trog, minmay_misc_feat_nine_boxes
D:3:      first_ration, minmay_misc_feat_x
D:4:      wad_pebble_path, old_standard_altar, grunt_temple_overflow_open
D:5:      kennysheep_mini_moat, temple_fountains
D:6:      kennysheep_crisscross
D:7:      serial_shops, nicolae_shop_stone, basic_altar, uniq_menkaure
D:8:      grunt_ogre_cave
Temple:   nicolae_temple_hex_pool

Skill      XL: |  1  2  3  4  5  6  7  8 |
---------------+-------------------------+-----
Conjurations   | 2 3 4 5 7 8 |  8.6
Spellcasting   | 4 5 6 7 |  7.8
Fire Magic     | 4 5 6 |  6.9
Dodging        | |  2.4
Stealth        | |  2.4

Action                   |  1- 3 |  4- 6 |  7- 9 || total
-------------------------+-------+-------+-------++-------
Melee: Dagger            |     9 |    18 |    53 ||    80
 Cast: Flame Tongue      |    41 |    59 |    66 ||   166
       Throw Flame       |    13 |    60 |    36 ||   109
       Fireball          |       |       |     5 ||     5
Evoke: Wand              |       |       |     2 ||     2
  Use: Scroll            |       |     6 |     8 ||    14
       Potion            |       |     1 |     3 ||     4
  Eat: Chunk             |    12 |     7 |    12 ||    31
Armor: Robe              |     9 |    20 |     3 ||    32
       Ring mail         |       |       |    27 ||    27
Dodge: Dodged            |    15 |    41 |    62 ||   118

Table legend:
 A = Non-vault XP
 B = Vault XP
 C = Vault XP percentage of total XP
 D = Non-vault monster count
 E = Vault monster count
 F = Vault count percentage of total count
                 A         B        C        D         E       F
            +---------+---------+-------+---------+---------+-------
      Total |    2198 |     178 |   7.5 |     125 |       6 |   4.6
            +---------+---------+-------+---------+---------+-------
        D:1 |      14 |       0 |   0.0 |       9 |       0 |   0.0
        D:2 |      71 |       9 |  11.2 |      21 |       5 |  19.2
        D:3 |      73 |       0 |   0.0 |      29 |       0 |   0.0
        D:4 |     450 |       0 |   0.0 |      28 |       0 |   0.0
        D:5 |     571 |       0 |   0.0 |      13 |       0 |   0.0
        D:6 |     233 |       0 |   0.0 |      10 |       0 |   0.0
        D:7 |     546 |     169 |  23.6 |      11 |       1 |   8.3
        D:8 |     240 |       0 |   0.0 |       4 |       0 |   0.0
            +---------+---------+-------+---------+---------+-------
